 Dungeon Crawl Stone Soup version 0.31.0-9-g3a7656b989 (webtiles) character file.

Game seed: 6858454957966664235

646 qw the Skirmisher (level 7, -2/35 (40) HPs)
             Began as a Deep Elf Hunter on Feb 2, 2024.
             Was a Follower of Okawaru.
             Shot with an arrow by a centaur (8 damage)
             ... on level 5 of the Dungeon.
             The game lasted 00:00:16 (3334 turns).

qw the Skirmisher (Deep Elf Hunter)                 Turns: 3334, Time: 00:00:17

HP:   -2/35 (40)    AC:  6    Str: 10    XL:     7   Next: 27%
MP:   11/11         EV: 16    Int: 14    God:    Okawaru [*.....]
Gold: 266           SH:  0    Dex: 18    Spells: 6/6 levels left

rFire   . . .        a - +0 shortbow
rCold   + . .        (shield currently unavailable)
rNeg    . . .        b - +0 ring mail
rPois   .            (no helmet)
rElec   .            (no cloak)
rCorr   .            j - +0 pair of gloves
SInv    .            (no boots)
Will    .....        p - amulet of faith
Stlth   +            d - +5 ring of evasion
HPRegen 0.25/turn    l - ring of protection from cold
MPRegen 0.12/turn

%: faith
@: about to teleport, heavily drained
A: no striking features
a: Renounce Religion, Heroism


You were on level 5 of the Dungeon.
You worshipped Okawaru.
Okawaru was aware of your devotion.
You visited 1 branch of the dungeon, and saw 5 of its levels.

You collected 266 gold pieces.


   Skills:
 - Level 2.0 Fighting
 + Level 10.3 Ranged Weapons
 - Level 1.1 Armour
 - Level 3.0 Dodging
 - Level 1.2 Stealth
 + Level 2.9 Invocations


You had 6 spell levels left.
You didn't know any spells.
Your spell library was empty.

Inventory:

Hand Weapons
 a - a +0 shortbow (weapon)
Armour
 b - a +0 ring mail (worn)
 j - a +0 pair of gloves (worn)
Jewellery
 d - a +5 ring of evasion (left hand)
 l - a ring of protection from cold (right hand)
 p - an amulet of faith (around neck)
Wands
 c - a wand of iceblast (2)
 n - a wand of flame (13)
Scrolls
 h - 6 scrolls of teleportation
Potions
 e - a potion of haste
 i - a potion of heal wounds
 k - a potion of invisibility {unknown}
 m - a potion of magic {unknown}

Dungeon Overview and Level Annotations

Branches:
Dungeon (5/15)
 Temple: D:4-7

Altars:
Ashenzari
Dithmenos
Okawaru
Xom


Message History

You see here a wand of charming (9).
Things that are here:
a +0 whip; a gnoll corpse You now have 266 gold pieces (gained 20).
Found a robe.
Found a stone staircase leading up.
Enter note:
h - 7 scrolls of teleportation (gained 3)
c - a wand of iceblast (2)
Found an escape hatch in the ceiling.
A centaur comes into view.
You shoot an arrow.
The arrow hits the centaur but does no damage.
The centaur shouts!
The centaur wields a +0 shortbow.
The centaur shoots an arrow.
The arrow hits you.
You shoot an arrow. The arrow hits the centaur.
The centaur is moderately wounded.
The centaur shoots an arrow.
The arrow hits you.
The centaur shoots an arrow.
The arrow hits you.
You shoot an arrow. The arrow hits the centaur.
The centaur is heavily wounded.
The centaur shoots an arrow.
The arrow hits you!
You shoot an arrow. The arrow barely misses the centaur.
The centaur shoots an arrow.
The arrow hits you.
You shoot an arrow. The arrow hits the centaur!
The centaur is almost dead.
The centaur shoots an arrow.
The arrow hits you.
You shoot an arrow. The arrow hits the centaur.
The centaur is almost dead.
The centaur shoots an arrow.
The arrow misses you.
You shoot an arrow.
The arrow hits the centaur but does no damage.
The centaur is almost dead.
The centaur shoots an arrow.
The arrow hits you.
3334 ||| READING 7 scrolls of teleportation.
As you read the scroll of teleportation, it crumbles to dust.
You feel strangely unstable.
The centaur shoots an arrow.
The arrow hits you!
You die...

#.## ... ...## .. ....
.# .<.##.# ##. #..#..
#...#....# ....
##.......# .....
#...#..@.### .......
....c###.#.##........
#..#<.................
. #.........##........
#..#..................
.. #...[.............#
#..#.............##
.#..#..............#
....##............#


You could see a centaur.

Vanquished Creatures
  An ogre (D:4)
  A phantom (D:4)
  A scorpion (D:3)
  2 hounds (D:4)
  A gnoll bouda (D:4)
  5 orc wizards
  3 adders
  7 gnolls
  A white imp (D:5)
  4 dart slugs
  A ribbon worm (D:3)
  9 orcs
  8 ball pythons
  11 endoplasms
  6 giant cockroaches
  5 goblins
  10 hobgoblins
  3 jackals
  7 kobolds
  5 quokkas
  6 bats
  5 frilled lizards
  4 rats
106 creatures vanquished.

Notes
Turn   | Place    | Note
-------+----------+-------------------------------------------
     0 | D:1      | qw the Deep Elf Hunter began the quest for the Orb.
     0 | D:1      | Reached XP level 1. HP: 12/12 MP: 3/3
     0 | D:1      | 0 ||| qw: Version: 0.3-a-155-g5e7d8dd
     0 | D:1      | 0 ||| qw: Game counter: 649
     0 | D:1      | 0 ||| qw: Melee chars always use a shield: true
     0 | D:1      | 0 ||| qw: God list: Okawaru
     0 | D:1      | 0 ||| qw: Allow faded altars: false
     0 | D:1      | 0 ||| qw: Do Orc after clearing Dungeon:15 true
     0 | D:1      | 0 ||| qw: Do second Lair branch before Depths: true
     0 | D:1      | 0 ||| qw: Lair rune preference: random
     0 | D:1      | 0 ||| qw: Goals: Normal
     0 | D:1      | 0 ||| PLANNING D:1-11
    39 | D:1      | Reached XP level 2. HP: 16/16 MP: 4/4
    43 | D:1      | Reached skill level 6 in Ranged Weapons
   372 | D:1      | 372 ||| READING scroll labelled KIADOUTR DITEQ.
   372 | D:1      | 372 ||| IDENTIFYING viscous golden potion
   373 | D:1      | 373 ||| READING 2 scrolls labelled CAIM XYNESOA.
   378 | D:1      | 378 ||| DRINKING 2 sedimented white potions.
   379 | D:1      | 379 ||| DRINKING 2 glowing blue potions.
   408 | D:1      | 408 ||| DROPPING scroll of butterflies.
   409 | D:1      | 409 ||| DROPPING potion of berserk rage.
   410 | D:1      | 410 ||| DROPPING potion of attraction.
   411 | D:1      | 411 ||| DROPPING potion of lignification.
   438 | D:2      | Reached XP level 3. HP: 20/20 MP: 5/5
   659 | D:2      | Found a shimmering altar of Xom.
   732 | D:2      | Reached skill level 7 in Ranged Weapons
  1030 | D:2      | 1030 ||| UPGRADING to +0 ring mail.
  1040 | D:2      | 1040 ||| DROPPING +0 leather armour.
  1041 | D:2      | 1041 ||| UPGRADING to +5 ring of evasion.
  1042 | D:2      | 1042 ||| READING 2 scrolls of identify.
  1042 | D:2      | 1042 ||| IDENTIFYING sedimented red potion
  1043 | D:2      | 1043 ||| READING scroll of identify.
  1043 | D:2      | 1043 ||| IDENTIFYING fuming golden potion
  1097 | D:3      | Reached XP level 4. HP: 25/25 MP: 6/6
  1313 | D:3      | Reached skill level 8 in Ranged Weapons
  1605 | D:3      | Found a faded altar of an unknown god.
  1645 | D:3      | Identified the +6 dagger of the Dull God {protect, rElec
                  | rPois Str+5 Stlth-}
  1689 | D:3      | Noticed a scorpion
  1690 | D:3      | 1690 ||| DRINKING potion of haste.
  1695 | D:3      | Killed a scorpion
  1696 | D:3      | Reached XP level 5. HP: 29/29 MP: 7/7
  1783 | D:3      | 1783 ||| UPGRADING to +0 pair of gloves.
  1788 | D:3      | 1788 ||| UPGRADING to amulet of faith.
  1793 | D:3      | 1793 ||| DROPPING ring of flight.
  1794 | D:3      | 1794 ||| READING 2 scrolls of identify.
  1794 | D:3      | 1794 ||| IDENTIFYING glowing purple potion
  1795 | D:3      | 1795 ||| READING scroll of identify.
  1795 | D:3      | 1795 ||| IDENTIFYING purple potion
  1796 | D:3      | 1796 ||| READING 2 scrolls labelled NYAHIP ZOVE.
  1797 | D:3      | 1797 ||| READING scroll labelled FAGAHI OCARPH.
  1798 | D:3      | 1798 ||| DROPPING potion of brilliance.
  1799 | D:3      | 1799 ||| DROPPING scroll of amnesia.
  1801 | D:3      | 1801 ||| Stepping ~*~*~tactically~*~*~ (cloud).
  1914 | D:4      | Reached skill level 9 in Ranged Weapons
  1915 | D:4      | 1915 ||| FLEEEEING.
  1916 | D:4      | 1916 ||| FLEEEEING.
  1948 | D:4      | Found an iron altar of Okawaru.
  1949 | D:4      | 1949 ||| PLANNING OKAWARU WORSHIP
  1956 | D:4      | Became a worshipper of Warmaster Okawaru
  1957 | D:4      | 1957 ||| PLANNING D:1-11
  1970 | D:4      | 1970 ||| DRINKING potion of curing.
  1970 | D:4      | 1970 ||| (to cure confusion)
  2013 | D:4      | Reached XP level 6. HP: 16/35 MP: 8/8
  2324 | D:4      | Reached * piety under Okawaru
  2325 | D:4      | Reached skill level 10 in Ranged Weapons
  2540 | D:4      | Found a broken altar of Ashenzari.
  2727 | D:4      | Reached skill level 3 in Dodging
  2727 | D:4      | Reached skill level 1 in Invocations
  2799 | D:4      | Reached skill level 1 in Armour
  2799 | D:4      | Reached XP level 7. HP: 40/40 MP: 10/10
  2978 | D:4      | Found a shadowy altar of Dithmenos.
  3024 | D:4      | 3024 ||| UPGRADING to ring of protection from cold.
  3025 | D:4      | 3025 ||| READING scroll labelled ODOAFOMIM.
  3026 | D:4      | 3026 ||| READING scroll labelled NABLUO GA DUOR.
  3027 | D:4      | 3027 ||| READING scroll labelled BOACUR JUYLIR.
  3057 | D:5      | Entered Level 5 of the Dungeon
  3062 | D:5      | 3062 ||| STAIRDANCE
  3087 | D:5      | 3087 ||| STAIRDANCE
  3147 | D:5      | 3147 ||| STAIRDANCE
  3195 | D:5      | 3195 ||| STAIRDANCE
  3242 | D:5      | 3242 ||| STAIRDANCE
  3333 | D:5      | HP: 6/35 [centaur/arrow (6)]
  3334 | D:5      | 3334 ||| READING 7 scrolls of teleportation.
  3334 | D:5      | Shot with an arrow by a centaur

Levels and vault maps discovered:
D:1:      wander_arrival_chamber, layout_rooms
D:2:      layout_basic, basic_altar, nrook_mini_backslash, st_stairs_13
D:3:      layout_basic, basic_ecumenical_altar, minmay_unequal
D:4:      layout_basic, nicolae_ashenzari_skybound, okawaru_gym_becter,
          nicolae_dithmenos_through_a_glass_darkly
D:5:      layout_cave_pools

Skill      XL: |  1  2  3  4  5  6 |
---------------+-------------------+-----
Ranged Weapons | 6 7 8 9 10 | 10.3
Fighting       | 2 |  2.0
Dodging        | 3 |  3.0
Invocations    | 2 |  2.9
Armour         | 1 |  1.1
Stealth        | |  1.2

Action                     |  1- 3 |  4- 6 |  7- 9 || total
---------------------------+-------+-------+-------++-------
   Fire: Shortbow          |   102 |   218 |    57 ||   377
    Use: Scroll            |     4 |     4 |     4 ||    12
         Potion            |     2 |     2 |       ||     4
 Armour: Leather armour    |    10 |       |       ||    10
         Ring mail         |       |    79 |    35 ||   114
  Dodge: Dodged            |    25 |   109 |    22 ||   156

Table legend:
 A = Non-vault XP
 B = Vault XP
 C = Vault XP percentage of total XP
 D = Non-vault monster count
 E = Vault monster count
 F = Vault count percentage of total count
                 A         B        C        D         E       F
            +---------+---------+-------+---------+---------+-------
      Total |     916 |       8 |   0.9 |     100 |       6 |   5.7
            +---------+---------+-------+---------+---------+-------
        D:1 |      36 |       0 |   0.0 |      20 |       0 |   0.0
        D:2 |      32 |       1 |   3.0 |      18 |       1 |   5.3
        D:3 |     180 |       7 |   3.7 |      21 |       5 |  19.2
        D:4 |     591 |       0 |   0.0 |      36 |       0 |   0.0
        D:5 |      77 |       0 |   0.0 |       5 |       0 |   0.0
            +---------+---------+-------+---------+---------+-------
